 Dungeon Crawl Stone Soup version 0.21.1-1-g345015fe64 (webtiles) character file.

161 Ivernyr the Magician (level 5, -2/41 HPs)
             Began as a Draconian Wizard on Feb 14, 2018.
             Killed by divine providence
             ... invoked by an orc priest
              (14 damage)
             ... on level 2 of the Dungeon.
             The game lasted 00:11:33 (4012 turns).

Ivernyr the Magician (Draconian Wizard)             Turns: 4012, Time: 00:11:33

Health: -2/41      AC:  7    Str: 10    XL:     5   Next: 19%
Magic:  4/11       EV: 12    Int: 19    God:
Gold:   179        SH:  0    Dex:  9    Spells: 3/12 levels left

rFire    . . .     SeeInvis .   o - +0 spear
rCold    . . .     Gourm    .   (no shield)
rNeg     . . .     Faith    .   (armour unavailable)
rPois    .         Spirit   .   (helmet restricted)
rElec    .         Reflect  .   (no cloak)
rCorr    .         Harm     .   p - +1 pair of gloves
MR       .....                  (no boots)
Stlth    ++........             (no amulet)
HPRegen  0.13/turn              (no ring)
MPRegen  0.12/turn              (no ring)

@: no status effects
A: unfitting armour, cold-blooded, AC +5
a: no special abilities


You were on level 2 of the Dungeon.
You were hungry.

You visited 1 branch of the dungeon, and saw 3 of its levels.

You collected 179 gold pieces.

Inventory:

Hand Weapons
 o - a +0 spear (weapon)
Armour
 a - a +0 hat
 k - a +0 buckler
 p - a +1 pair of gloves (worn)
Scrolls
 b - a scroll of enchant armour {unknown}
 d - 2 scrolls of identify
 e - 2 scrolls of remove curse
 f - a scroll of immolation {unknown}
 g - a scroll of random uselessness {unknown}
 h - 3 scrolls of teleportation {unknown}
 l - a scroll of magic mapping {unknown}
Potions
 i - 2 potions of curing {unknown}
 j - a potion of brilliance {unknown}
 m - a potion of might {unknown}
 n - 2 potions of resistance {unknown}
 q - a potion of invisibility
Comestibles
 c - 7 rations


   Skills:
 + Level 2.1 Fighting
 - Level 2.0 Dodging
 - Level 1.7 Stealth
 * Level 4.4 Spellcasting
 + Level 2.6 Conjurations
   Level 1.0 Summonings
 - Level 1.0 Translocations


You had 3 spell levels left.
You knew the following spells:

 Your Spells              Type           Power        Failure   Level  Hunger
a - Magic Dart            Conj           ##..         4%          1    None
b - Blink                 Tloc           N/A          13%         2    #......
c - Conjure Flame         Conj/Fire      #.......     22%         3    ###....
d - Mephitic Cloud        Conj/Pois/Air  #.......     26%         3    ###....


Dungeon Overview and Level Annotations

Branches:
Dungeon (3/15)

Altars:

Annotations:
D:3 Natasha


Innate Abilities, Weirdness & Mutations

Your plain brown scales are hard. (AC +5)
You cannot fit into any form of body armour.
You are cold-blooded and may be slowed by cold attacks.


Message History

Beogh smites you!
* * * LOW HITPOINT WARNING * * *
Casting: Magic Dart
Confirm with . or Enter, or press ? or * to list all spells.
Aiming: Magic Dart
Press: ? - help, Shift-Dir - straight line, f/p - orc priest
Aim: an orc priest, wielding a dagger and wearing a ring mail (moderately wounded)
The magic dart hits the orc priest.
The orc priest is moderately wounded.
The orc priest barely misses you.
Casting: Magic Dart
Confirm with . or Enter, or press ? or * to list all spells.
Aiming: Magic Dart
Press: ? - help, Shift-Dir - straight line, f/p - orc priest
Aim: an orc priest, wielding a dagger and wearing a ring mail (moderately wounded)
The magic dart hits the orc priest.
The orc priest is moderately wounded.
The orc priest invokes the aid of Beogh against you.
Beogh smites you!
You die...

...######..#..####.#####
#.
.#........##.##........#
#.
.###....###..##.##.###.#
#. ...######.....#.##.#
#.# #.
..........###.#.##.# #.#
##. #...##.#####.......#
#.########.. ######.#
##.......# #...........
# #.####.....o..#
##########..
######<.........@..# ##.
......#####....[)..# #.
#####.#............# #.
#.#รท####....(..# #.
#.#.# ####)#### #) #.#.#
#.# #. #.#.# #.# #.
#.#.# #.# ## #.#.# #.#


You could see an orc priest.

Vanquished Creatures
  Natasha (D:3)
  6 adders (D:2)
  An ooze (D:1)
  3 worms (D:2)
  A dart slug (D:1)
  5 orcs
  2 ball pythons
  3 giant cockroaches
  10 goblins
  4 hobgoblins
  5 jackals (D:1)
  6 kobolds
  2 quokkas (D:2)
  10 bats
  2 frilled lizards (D:1)
  4 rats
65 creatures vanquished.

Notes
Turn   | Place    | Note
-------+----------+-------------------------------------------
     0 | D:1      | Ivernyr the Draconian Wizard began the quest for the Orb.
     0 | D:1      | Reached XP level 1. HP: 14/14 MP: 4/4
   275 | D:1      | Reached XP level 2. HP: 20/20 MP: 6/6
   283 | D:1      | Learned a level 2 spell: Blink
  1137 | D:1      | Reached XP level 3. HP: 27/27 MP: 6/8
  1175 | D:1      | Learned a level 3 spell: Conjure Flame
  1179 | D:1      | Learned a level 3 spell: Mephitic Cloud
  1375 | D:1      | Reached skill level 1 in Fighting
  2068 | D:2      | Reached XP level 4. HP: 31/35 MP: 1/9
  2352 | D:2      | Reached skill level 4 in Spellcasting
  3489 | D:3      | Noticed Natasha
  3493 | D:3      | Killed Natasha
  3493 | D:3      | Reached XP level 5. HP: 38/41 MP: 6/11
  3894 | D:3      | Noticed Natasha
  4012 | D:2      | Killed from afar by an orc priest

Skill      XL: |  1  2  3  4 |
---------------+-------------+-----
Dodging        | 2 |  2.0
Fighting       | 1 2 |  2.1
Conjurations   | 2 |  2.6
Spellcasting   | 4 |  4.4
Stealth        | |  1.7
Summonings     | |  1.0
Translocations | |  1.0

Action                   |  1- 3 |  4- 6 || total
-------------------------+-------+-------++-------
Melee: Unarmed           |    63 |    39 ||   102
       Tailslap          |     4 |     1 ||     5
       Spear             |       |     5 ||     5
 Cast: Magic Dart        |    90 |   103 ||   193
       Conjure Flame     |       |     1 ||     1
  Use: Scroll            |       |     2 ||     2
  Eat: Chunk             |     3 |     6 ||     9
Armor: Skin              |    22 |    19 ||    41
Dodge: Dodged            |    35 |    36 ||    71
